 Dungeon Crawl Stone Soup version 0.26-a0-540-g8a0c9464d7 (webtiles) character file.

Game seed: 18138693793923661291

57 HammerPanzer the Slasher (level 3, 1/43 HPs)
             Began as a Demonspawn Berserker on Aug 22, 2020.
             Was a Believer of Trog.
             Quit the game on level 2 of the Dungeon.
             The game lasted 00:02:23 (2103 turns).

HammerPanzer the Slasher (Demonspawn Berserker)     Turns: 2103, Time: 00:02:23

Health: 1/43       AC:  5    Str: 17    XL:     3   Next: 73%
Magic:  3/3        EV:  6    Int:  9    God:    Trog [**....]
Gold:   60         SH: 11    Dex: 12    Spells: 2/2 levels left

rFire    . . .     SeeInvis .   a - +0 falchion
rCold    . . .     Faith    .   k - +0 tower shield
rNeg     . . .     Spirit   .   j - +0 ring mail
rPois    .         Reflect  .   (no helmet)
rElec    .         Harm     .   (no cloak)
rCorr    .                      (no gloves)
MR       .....                  (no boots)
Stlth    ..........             (no amulet)
HPRegen  0.14/turn              (no ring)
MPRegen  0.08/turn              (no ring)

@: berserking, lethally poisoned (1 -> -5), very quick
A: rot immunity
a: Berserk, Trog's Hand, Renounce Religion


You were on level 2 of the Dungeon.
You worshipped Trog.
Trog was pleased with you.
You visited 1 branch of the dungeon, and saw 2 of its levels.

You collected 60 gold pieces.

Inventory:

Hand Weapons
 a - a +0 falchion (weapon)
Armour
 j - a +0 ring mail (worn)
 k - a +0 tower shield (worn)
Scrolls
 c - a scroll of magic mapping {unknown}
 e - a scroll of teleportation
 g - a scroll of blinking
 i - a scroll of identify
 l - a scroll of noise {unknown}
Potions
 b - a potion of degeneration {unknown}
 d - 2 potions of curing
 f - a potion of lignification {unknown}
 h - 3 potions of magic {unknown}


   Skills:
 + Level 3.3 Fighting
 * Level 3.4 Long Blades
 - Level 1.7 Armour
 * Level 2.7 Dodging


You had 2 spell levels left.
You didn't know any spells.
Your spell library was empty.

Dungeon Overview and Level Annotations

Branches:
Dungeon (2/15)

Altars:

Annotations:
D:2 Robin


Innate Abilities, Weirdness & Mutations

You are immune to rotting.


Message History

A hobgoblin comes into view.
The hobgoblin hits you.
* * * LOW HITPOINT WARNING * * *
You block the goblin's attack. x3
You closely miss the goblin.
You feel sick.
The hobgoblin shouts!
The hobgoblin hits you but does no damage.
You block the goblin's attack.
A hobgoblin comes into view. It is wielding a +0 club.
The goblin hits you.
* * * LOW HITPOINT WARNING * * *
You block the goblin's attack.
The hobgoblin shouts!
You slash the goblin!
You kill the goblin!
Trog accepts your kill. You block the goblin's attack. The hobgoblin hits you.
* * * LOW HITPOINT WARNING * * *
The goblin barely misses you.
You riposte.
You closely miss the goblin.
Are you sure you want to abandon this character and quit the game? (Confirm with "yes".)

.(........# #.....#
..........# #.....#
..........# #.....#
#.........# #.....#
#......<..# #...†.#
#.........# #.....+
#.......### ##....#
#######..#####.)gg###.#
#..........g@gggg.#
#####.....####.#####g.#
#.............. .#
#.............. #
#..............
#####....'####.
#....'.# #.#
#..[.#.###.#
###'##..##.#


You could see Robin, 4 hobgoblins and 3 goblins.

Vanquished Creatures
  2 oozes (D:1)
  A dart slug (D:1)
  4 leopard geckos
  A ball python (D:2)
  3 giant cockroaches
  7 goblins
  4 hobgoblins
  4 jackals (D:1)
  A quokka (D:2)
  2 bats (D:1)
  4 kobolds
  7 rats
40 creatures vanquished.

Notes
Turn   | Place    | Note
-------+----------+-------------------------------------------
     0 | D:1      | HammerPanzer the Demonspawn Berserker began the quest for
                  | the Orb.
     0 | D:1      | Reached XP level 1. HP: 18/18 MP: 1/1
   164 | D:1      | Gained mutation: You are immune to rotting. [demonic
                  | ancestry]
   164 | D:1      | Reached XP level 2. HP: 24/24 MP: 2/2
   794 | D:1      | Reached XP level 3. HP: 29/29 MP: 3/3
  1187 | D:1      | Reached ** piety under Trog
  2092 | D:2      | Noticed Robin
  2102 | D:2      | HP: 1/43 [hobgoblin[Robin] (3)]
  2103 | D:2      | Quit the game

Illustrated notes

Levels and vault maps discovered:
D:1:      dpeg_arrival_three_smaller_balls, layout_basic
D:2:      layout_basic, uniq_robin

Skill      XL: |  1  2 |
---------------+-------+-----
Dodging        | 2 |  2.7
Long Blades    | 3 |  3.4
Fighting       | |  3.3
Armour         | |  1.7

Action                   || total
-------------------------++-------
Melee: Falchion          ||   115
Invok: Berserk           ||     2
  Use: Scroll            ||     3
 Stab: Sleeping          ||     1
Armor: Animal skin       ||     5
       Leather armour    ||    10
       Ring mail         ||    11
Dodge: Dodged            ||    73
Block: Tower shield      ||    23
       Rpst.: Falchion   ||    24

Table legend: (Time is in decaauts)
 A = Elapsed time spent in this place.
 B = Non-inter-level travel time spent in this place.
 C = Inter-level travel time spent in this place.
 D = Time resting spent in this place.
 E = Time spent auto-exploring this place.
 F = Levels seen in this place.
 G = Mean time per level.
                   A        B        C        D        E       F      G
               +--------+--------+--------+--------+--------+-----+--------+
         Total |   2125 |   2059 |     66 |    500 |   1230 |   2 | 1062.5 |
       Dungeon |   2125 |   2059 |     66 |    500 |   1230 |   2 | 1062.5 |
               +--------+--------+--------+--------+--------+-----+--------+

Top non-repeatable levels by time:
     D:1: 1529 daAuts
     D:2: 595 daAuts
